 Dungeon Crawl Stone Soup version 0.30-a0-627-gc11e7ae810 (webtiles) character file.

Game seed: 11579987481348314954

38467 Rrauwl the Severer (level 14, -12/121 HPs)
             Began as a Hill Orc Delver on Jan 12, 2023.
             Was a High Priest of Ru.
             Mangled by Snorg (17 damage)
             ... on level 5 of the Lair of Beasts on Jan 13, 2023.
             The game lasted 01:05:43 (14832 turns).

Rrauwl the Severer (Hill Orc Delver)               Turns: 14832, Time: 01:05:43

Health: -12/121    AC: 14    Str: 20    XL:     14   Next: 2%
Magic:  9/14       EV: 16    Int: 10    God:    Ru [*****.]
Gold:   1532       SH:  0    Dex: 14    Spells: 8/13 levels left

rFire   . . .      SeeInvis .    a - +11 battleaxe of the Other Side {heavy, Str+4}
rCold   . . .      Faith    .    (shield currently unavailable)
rNeg    . . .      Spirit   .    r - +4 troll leather armour
rPois   +          Reflect  .    o - +0 helmet
rElec   .          Harm     .    f - +2 cloak
rCorr   .          Rampage  .    l - +0 pair of gloves
Will    +++..                    U - +0 pair of boots Stlth
                                 (no amulet)
HPRegen 1.20/turn                Q - ring of willpower
MPRegen 0.14/turn                C - ring of poison resistance

@: exhausted
A: weak 1, no stealth, inability to use devices, inability to train armour, no
poison magic, no summoning magic, no transmutations magic, hooves 1,
strong-willed 1
a: Renounce Religion, Draw Out Power, Power Leap, Apocalypse


You were on level 5 of the Lair of Beasts.
You worshipped Ru.
Ru was extremely pleased with you.
You visited 3 branches of the dungeon, and saw 17 of its levels.
You also visited: Sewer and Bailey.

You collected 1727 gold pieces.
You spent 195 gold pieces at shops.

Inventory:

Hand Weapons
 a - the +11 battleaxe of the Other Side (weapon) {heavy, Str+4}
   (You found it in a bailey)

   Str:       It affects your strength (+4).
 b - a +0 demon whip of venom
 c - a +2 broad axe
Missiles
 s - 7 curare-tipped darts (quivered)
 u - 8 atropa-tipped darts
 w - 2 throwing nets
 I - 45 poisoned darts
Armour
 f - a +2 cloak (worn)
 l - a +0 pair of gloves (worn)
 o - a +0 helmet (worn)
 r - a +4 troll leather armour (worn)
 U - a +0 pair of boots (worn)
Jewellery
 g - an amulet of guardian spirit
 j - a ring of protection from cold
 q - a ring of fire
 B - a ring of flight
 C - a ring of poison resistance (right hand)
 Q - a ring of willpower (left hand)
Scrolls
 d - 4 scrolls of magic mapping
 h - 11 scrolls of identify
 k - 6 scrolls of teleportation
 n - a scroll of vulnerability
 v - a scroll of torment
 E - 4 scrolls of fog
 O - 3 scrolls of immolation
Potions
 i - 6 potions of curing
 m - 2 potions of ambrosia
 p - 6 potions of flight
 t - a potion of resistance
 x - a potion of lignification
 z - 2 potions of magic
 H - a potion of mutation
 L - 3 potions of attraction


   Skills:
 - Level 10.0 Fighting
 - Level 20.0 Axes
 + Level 9.3 Dodging
 - Level 7.0 Conjurations
 - Level 10.0 Fire Magic


You had 8 spell levels left.
You knew the following spells:

 Your Spells              Type           Power      Damage    Failure   Level
a - Foxfire               Conj/Fire      68%        2x1d7     1%          1
b - Sticky Flame          Conj/Fire      17%        2d4       14%         4

Your spell library contained the following spells:

 Spells                   Type           Power      Damage    Failure   Level
 Shock                    Conj/Air       28%        1d4       11%         1
 Hailstorm                Conj/Ice       7%         3d4       32%         3
 Stone Arrow              Conj/Erth      14%        3d7       32%         3
 Necrotise                Necr           0%         1d4       41%         1
 Gell's Gravitas          Tloc           0%         N/A       80%         3
 Lesser Beckoning         Tloc           0%         N/A       80%         3
 Portal Projectile        Hex/Tloc       0%         N/A       80%         3
 Swiftness                Air            0%         N/A       80%         3
 Teleport Other           Tloc           0%         N/A       80%         3
 Tukima's Dance           Hex            0%         N/A       80%         3
 Vampiric Draining        Necr           0%         2d6       80%         3
 Airstrike                Air            0%         2d(0-16)  99%         4
 Agony                    Necr           0%         N/A       100%        5
 Iron Shot                Conj/Erth      3%         9d2       100%        6
 Simulacrum               Ice/Necr       0%         N/A       100%        6
 Ignition                 Fire           10%        3d5       100%        8
 Lehudib's Crystal Spear  Conj/Erth      3%         10d3      100%        8
 Ignite Poison            Fire/Tmut/Pois Unusable   N/A       N/A         3
 Mephitic Cloud           Conj/Pois/Air  Unusable   N/A       N/A         3
 Cigotuvi's Dreadful Rot  Necr/Pois/Air  Unusable   N/A       N/A         2
 Poisonous Vapours        Pois/Air       Unusable   N/A       N/A         2
 Animate Armour           Summ/Erth      Unusable   N/A       N/A         4
 Ice Form                 Ice/Tmut       Unusable   N/A       N/A         4
 Summon Lightning Spire   Summ/Air       Unusable   N/A       N/A         4
 Blade Hands              Tmut           Unusable   N/A       N/A         5

Dungeon Overview and Level Annotations

Branches:
Dungeon (11/15)            Temple (1/1) D:4            Lair (5/5) D:11
  Swamp (0/4) Lair:2        Snake (0/4) Lair:2          Orc (0/2) D:10
  Sewer (visited)          Bailey (visited)
  Slime: Lair:4-5

Altars:
Ashenzari
Cheibriados
Dithmenos
Elyvilon
Fedhas
Gozag
Hepliaklqana
Kikubaaqudgha
Makhleb
Nemelex Xobeh
Okawaru
Qazlal
Ru
Sif Muna
Trog
Uskayaw
Vehumet
Wu Jian
Xom
Yredelemnul
Zin
The Shining One

Shops:
D:10 !

Annotations:
Lair:5 Snorg


Innate Abilities, Weirdness & Mutations

You are weak. (Str -2)
You cannot be stealthy.
You cannot study or use magical devices.
You cannot train Armour skill.
You cannot study or cast Poison magic.
You cannot study or cast Summoning magic.
You cannot study or cast Transmutations magic.
You have large cloven feet.
You are strong-willed. (Will+)


Message History

You miss the blink frog.
The blink frog is moderately wounded.
You barely miss Snorg. The blink frog closely misses you. Snorg bites you.
Snorg claws you. Snorg closely misses you.
You redirect the blink frog's attack!
The blink frog completely misses you.
You closely miss the blink frog.
The blink frog is moderately wounded.
You chop Snorg into pieces!!! Snorg closely misses you. Snorg claws you.
Snorg claws you but does no damage.
The blink frog hits you but does no damage.
Snorg is stunned by your conviction and fails to attack.
You closely miss the blink frog.
The blink frog is moderately wounded.
You slice Snorg!! The blink frog closely misses you. Snorg closely misses you.
Snorg claws you! Snorg closely misses you.
The blink frog hits you but does no damage.
You slash Snorg!
Snorg is heavily wounded.
You slice the blink frog!!
You kill the blink frog!
Snorg misses you. Snorg claws you but does no damage. Snorg claws you!
Snorg bites you!!
* * * LOW HITPOINT WARNING * * *
Snorg misses you. x2
Aiming: Power Leap
Press: ? - help, Dir - move target Snorg bites you!!
* * * LOW HITPOINT WARNING * * *
Snorg claws you but does no damage. Snorg claws you!
* * * LOW HITPOINT WARNING * * *
You redirect the blink frog's attack!
The blink frog blinks!
Okay, then.
Okay, then.
As you read the scroll of fear, it crumbles to dust.
You assume a fearsome visage.
Snorg is unaffected.
The blink frog looks frightened!
Snorg bites you but does no damage. Snorg closely misses you. Snorg claws you!
You die...

..........
........................
........................
..............F.........
........................
........................
........................
........................
................@.......
.............††T........
...........###.#..#.##..
.........)## ###### #
..........# .........##
........## ........#
.....


You could see Snorg (berserk) and a blink frog (fleeing).

Vanquished Creatures
  5 hydras
  Erica (D:8)
  A catoblepas (Lair:5)
  A ghost crab (Lair:2)
  A two-headed ogre (D:10)
  A death yak (Lair:3)
  Amaemon (D:8)
  8 elephants
  A black mamba (Lair:4)
  A torpor snail (Lair:3)
  An orange demon (D:8)
  10 cane toads
  2 rime drakes
  6 komodo dragons
  A polar bear (Lair:2)
  Prince Ribbit (D:5)
  Grinder (D:5)
  3 trolls
  19 blink frogs
  2 hornets (D:8)
  A spectral dream sheep (Lair:2)
  2 shadows (D:10)
  6 wyverns
  32 yaks
  A vampire (D:10)
  A wraith (D:9)
  3 steam dragons
  2 vampire mosquitoes (D:10)
  2 nagas
  A spectral cane toad (Lair:2)
  2 acid dragons
  16 water moccasins
  3 black bears
  5 orc warriors
  A spectral polar bear (Lair:2)
  An ice beast (D:7)
  A sky beast (D:8)
  4 ogres
  35 wolves
  9 centaurs
  A spectral basilisk (Lair:2)
  2 gnoll sergeants
  A necrophage (D:6)
  7 kobold brigands
  8 bullfrogs
  A spectral water moccasin (Lair:2)
  2 scorpions
  3 wights (D:7)
  14 killer bees
  A howler monkey (D:9)
  An electric eel (D:9)
  3 jellies
  6 orc priests
  Crazy Yiuf (D:2)
  7 hounds
  3 gnoll boudas
  3 iguanas (D:5)
  13 orc wizards
  7 hell rats (Lair:3)
  Robin (D:3)
  23 gnolls
  7 adders
  A river rat (D:6)
  2 shadow imps
  4 white imps
  An ufetubus (D:6)
  3 worms
  4 dart slugs
  33 orcs
  5 ball pythons
  12 bats
  7 endoplasms
  3 giant cockroaches
  20 goblins
  8 hobgoblins
  6 jackals
  3 quokkas
  A frilled lizard (D:3)
  21 kobolds
  4 rats
448 creatures vanquished.

Vanquished Creatures (others)
  A komodo dragon (Lair:5)
  A blink frog (Lair:5)
  A yak (Lair:4)
  A kobold brigand (Bailey)
  An orc (D:8)
  A kobold (Bailey)
  5 foxfires (Lair:3)
  18 fungi
  18 plants
47 creatures vanquished.

Grand Total: 495 creatures vanquished

Notes
Turn   | Place    | Note
-------+----------+-------------------------------------------
     0 | D:5      | Rrauwl the Hill Orc Delver began the quest for the Orb.
     0 | D:5      | Reached XP level 1. HP: 19/19 MP: 1/1
     8 | D:5      | Noticed an iguana
   213 | D:3      | Reached skill level 3 in Axes
   213 | D:3      | Reached XP level 2. HP: 24/27 MP: 2/2
   289 | D:3      | Reached XP level 3. HP: 14/33 MP: 3/3
   592 | D:1      | Identified a scroll of acquirement
   593 | D:1      | Acquired a +3 war axe of freezing
   676 | D:1      | Gained mutation: You have large cloven feet. [potion of
                  | mutation]
   676 | D:1      | Gained mutation: You are strong-willed. (Will+) [potion of
                  | mutation]
   838 | D:1      | Reached XP level 4. HP: 36/40 MP: 4/4
   930 | D:1      | Reached skill level 4 in Axes
  1268 | D:1      | Identified the +1 leather armour "Ovenleke" {Str+2 SInv}
  1496 | D:2      | Found a runed translucent door.
  1497 | D:2      | Noticed Crazy Yiuf
  1796 | D:2      | Found a basalt altar of Yredelemnul.
  1912 | D:2      | Killed Crazy Yiuf
  1913 | D:2      | Reached skill level 5 in Stealth
  1913 | D:2      | Reached XP level 5. HP: 37/46 MP: 5/5
  2001 | D:3      | Reached skill level 5 in Axes
  2039 | D:3      | Noticed Robin
  2131 | D:3      | Killed Robin
  2298 | D:3      | Found a snail-covered altar of Cheibriados.
  2306 | D:3      | Reached skill level 6 in Axes
  2424 | D:3      | Found a stormy altar of Qazlal.
  2424 | D:3      | Found an opulent altar of Gozag.
  2432 | D:3      | Found a blossoming altar of Fedhas.
  2434 | D:3      | Found a burning altar of Makhleb.
  2436 | D:3      | Found a faded altar of an unknown god.
  2554 | D:3      | You fall into a shaft and drop 2 floors!
  2554 | D:5      | Found a sacrificial altar of Ru.
  2560 | D:5      | Became a worshipper of Ru the Awakened
  2625 | D:5      | Reached XP level 6. HP: 50/52 MP: 6/6
  2695 | D:5      | Reached skill level 7 in Axes
  2873 | D:5      | Reached skill level 8 in Axes
  2873 | D:5      | Reached XP level 7. HP: 47/59 MP: 7/7
  2883 | D:5      | Reached skill level 9 in Axes
  3119 | D:4      | Found a staircase to the Ecumenical Temple.
  3129 | Temple   | Entered the Ecumenical Temple
  3387 | D:4      | Reached skill level 10 in Axes
  3481 | D:4      | Reached XP level 8. HP: 55/66 MP: 8/8
  3939 | D:5      | Gained mutation: You cannot train Armour skill. [Ru
                  | sacrifice]
  3939 | D:5      | Reached * piety under Ru
  3989 | D:5      | Reached skill level 11 in Axes
  3997 | D:5      | Noticed Grinder
  4013 | D:5      | Killed Grinder
  4144 | D:5      | Reached skill level 12 in Axes
  4535 | D:5      | Noticed Prince Ribbit
  4543 | D:5      | Killed Prince Ribbit
  4683 | D:5      | Reached skill level 13 in Axes
  4882 | D:6      | Reached XP level 9. HP: 70/71 MP: 9/9
  4983 | D:6      | Found a glowing drain.
  4989 | D:6      | Reached skill level 14 in Axes
  4993 | Sewer    | Entered a sewer
  5756 | D:7      | Reached skill level 15 in Axes
  6354 | D:8      | Noticed an orange demon
  6354 | D:8      | Noticed a hornet
  6383 | D:8      | Reached skill level 16 in Axes
  6383 | D:8      | Reached skill level 1 in Evocations
  6501 | D:8      | Noticed a hornet
  6565 | D:8      | Killed a hornet
  6566 | D:8      | Reached skill level 5 in Fighting
  6566 | D:8      | Reached XP level 10. HP: 69/81 MP: 10/10
  6661 | D:8      | Noticed Erica
  6667 | D:8      | Killed Erica
  6681 | D:8      | Gained mutation: You cannot study or cast Poison magic. [Ru
                  | sacrifice]
  6681 | D:8      | Gained mutation: You cannot study or cast Transmutations
                  | magic. [Ru sacrifice]
  6681 | D:8      | Gained mutation: You cannot study or cast Summoning magic.
                  | [Ru sacrifice]
  6681 | D:8      | Reached ** piety under Ru
  6903 | D:8      | Reached skill level 17 in Axes
  7025 | D:8      | Noticed Maurice
  7406 | D:8      | Maurice changed into Maurice the naga
  7406 | D:8      | Noticed Maurice
  7415 | D:8      | Killed Maurice the naga
  7416 | D:8      | Reached skill level 18 in Axes
  7695 | D:8      | Noticed Amaemon
  7708 | D:8      | Killed an orange demon
  7717 | D:8      | Killed Amaemon
  7953 | D:9      | Found a radiant altar of Vehumet.
  7979 | D:9      | Found a flagged portal.
  7995 | Bailey   | Entered a bailey
  8029 | Bailey   | Reached skill level 19 in Axes
  8029 | Bailey   | Reached XP level 11. HP: 32/89 MP: 11/11
  8220 | Bailey   | Identified the +11 battleaxe of the Other Side {heavy,
                  | Str+4}
  8231 | Bailey   | Identified the +8 long sword of Mugidon {heavy, rPois Int+4
                  | Dex-4}
  8248 | Bailey   | Found a bloodstained altar of Trog.
  8636 | D:9      | Got the Compilation of the Zephyr and Kindling
  8639 | D:9      | Learned a level 1 spell: Foxfire
  9048 | D:9      | Reached skill level 1 in Fire Magic
  9062 | D:9      | Reached skill level 1 in Conjurations
  9793 | D:10     | Entered Level 10 of the Dungeon
  9891 | D:10     | Gained mutation: You cannot be stealthy. [Ru sacrifice]
  9891 | D:10     | Reached *** piety under Ru
 10072 | D:10     | Found a staircase to the Orcish Mines.
 10080 | D:10     | Found Fun Ybykk's Distillery.
 10152 | D:10     | Bought a potion of haste for 130 gold pieces
 10152 | D:10     | Bought a potion of berserk rage for 65 gold pieces
 10164 | D:10     | Learned a level 4 spell: Sticky Flame
 10211 | D:10     | Noticed a two-headed ogre
 10223 | D:10     | Killed a two-headed ogre
 10232 | D:10     | Reached skill level 20 in Axes
 10250 | D:9      | HP: 4/89 [wyvern (13)]
 10904 | D:11     | Noticed a cyan ugly thing
 10939 | D:11     | Found a staircase to the Lair.
 10943 | D:11     | Noticed a deep elf pyromancer
 10948 | D:11     | Reached skill level 5 in Fire Magic
 10954 | Lair:1   | Entered Level 1 of the Lair of Beasts
 10981 | Lair:1   | Reached XP level 12. HP: 96/96 MP: 12/12
 11030 | Lair:1   | Reached skill level 5 in Conjurations
 11041 | Lair:1   | Reached skill level 5 in Dodging
 11614 | Lair:1   | Reached skill level 10 in Fire Magic
 11626 | Lair:1   | Gained mutation: You cannot study or use magical devices.
                  | [Ru sacrifice]
 11626 | Lair:1   | Reached **** piety under Ru
 11626 | Lair:1   | Reached ***** piety under Ru
 11830 | Lair:2   | Found a staircase to the Snake Pit.
 12287 | Lair:2   | Identified the +9 spear "Orur" {holy, rCorr Str-3 Dex+3
                  | SInv}
 12318 | Lair:2   | Found a staircase to the Swamp.
 12318 | Lair:2   | Noticed a ghost crab
 12328 | Lair:2   | Killed a ghost crab
 12542 | Lair:3   | Reached XP level 13. HP: 110/110 MP: 13/13
 12766 | Lair:3   | Reached skill level 10 in Fighting
 13464 | Lair:3   | Gained mutation: You are weak. (Str -2) [Ru sacrifice]
 14529 | Lair:5   | Entered Level 5 of the Lair of Beasts
 14815 | Lair:5   | Noticed Snorg
 14826 | Lair:5   | Reached XP level 14. HP: 96/121 MP: 14/14
 14831 | Lair:5   | HP: 4/121 [Snorg (14)]
 14832 | Lair:5   | Mangled by Snorg

Illustrated notes

Levels and vault maps discovered:
D:1:      dpeg_arrival_lava_temple_mockup, layout_basic, minivault_23,
          minivault_5
D:2:      layout_rooms, basic_altar, uniq_crazy_yiuf_cottage
D:3:      layout_rooms, kennysheep_slug_shrine,
          chequers_temple_overflow_minitemple, uniq_robin
D:4:      layout_basic, minmay_temple_entry_overgrown, grunt_ministairs_2
D:5:      layout_basic, mainiacjoe_overflow_boulevard, uniq_grinder,
          uniq_prince_ribbit1
D:6:      layout_loops_cross, gup_sewer_entry_bubbles
D:7:      layout_rooms
D:8:      layout_loops_ring, uniq_erica, uniq_maurice, uniq_amaemon
D:9:      minmay_recursive_quarters, layout_loops_corners,
          mainiacjoe_overflow_24_doors, enter_bailey_5, minivault_4, hex_tiny
D:10:     minmay_four_partial_circles, layout_cave_pools, orc_0_dummy,
          serial_shops, shop
D:11:     layout_rooms, david_lair_shrubbed
Temple:   nicolae_temple_bog_church
Lair:1:   layout_long_grid, grunt_forest_large_clearings
Lair:2:   layout_misc_corridors, nicolae_swamp_entry_spooky,
          guppyfry_snake_entry_island, minmay_stone_trees_small
Lair:3:   layout_layer_cave, serial_bayou_shore_b
Lair:4:   layout_loops_ring
Lair:5:   evilmike_catoblepas_cave, layout_long_grid, slime_entry_1,
          serial_bayou_pond_e, grunt_megastairs_2, infiniplex_staircase_pool,
          uniq_snorg

Skill      XL: |  1  2  3  4  5  6  7  8  9 10 11 12 13 |
---------------+----------------------------------------+-----
Axes           | 3 4 6 8 10 13 16 19 20 | 20.0
Fighting       | 4 5 6 9 10 | 10.0
Dodging        | 2 4 5 9 |  9.3
Stealth        | 5 0 |  0.0
Evocations     | 3 0 |  0.0
Fire Magic     | 5 10 | 10.0
Conjurations   | 4 5 7 |  7.0

Action                   |  1- 3 |  4- 6 |  7- 9 | 10-12 | 13-15 || total
-------------------------+-------+-------+-------+-------+-------++-------
Melee: Hand axe          |    74 |       |       |       |       ||    74
       War axe           |    23 |   104 |   238 |   111 |       ||   476
       Kick              |     1 |    21 |    73 |    39 |       ||   134
       Punch             |       |       |     2 |       |     2 ||     4
       Battleaxe         |       |       |       |   280 |   148 ||   428
       Demon whip        |       |       |       |       |    32 ||    32
Throw: Boomerang         |       |       |     1 |       |       ||     1
       Dart              |       |       |       |       |     2 ||     2
 Cast: Foxfire           |       |       |       |     1 |     3 ||     4
       Sticky Flame      |       |       |       |       |     5 ||     5
Invok: Sacrifice Durabil |       |       |     1 |       |       ||     1
       Sacrifice Arcana  |       |       |       |     1 |       ||     1
       Sacrifice Stealth |       |       |       |     1 |       ||     1
       Sacrifice Artific |       |       |       |     1 |       ||     1
       Power Leap        |       |       |       |       |     2 ||     2
       Sacrifice Purity  |       |       |       |       |     1 ||     1
Evoke: Wand              |       |     2 |     1 |     3 |       ||     6
       Lightning rod     |       |       |       |     4 |       ||     4
  Use: Potion            |     4 |     4 |     2 |     9 |     2 ||    21
       Scroll            |     3 |     4 |     4 |    10 |     5 ||    26
 Stab: Invisible         |     2 |       |       |     8 |     9 ||    19
       Sleeping          |     5 |     7 |     7 |     4 |       ||    23
       Distracted        |       |       |     2 |     2 |       ||     4
       Confused          |       |       |       |     1 |       ||     1
Armor: Leather armour    |    23 |    44 |    58 |    82 |       ||   207
       Troll leather arm |       |       |       |    50 |    72 ||   122
Dodge: Dodged            |    53 |    66 |    88 |   221 |   143 ||   571

Table legend: (Time is in decaauts)
 A = Elapsed time spent in this place.
 B = Non-inter-level travel time spent in this place.
 C = Inter-level travel time spent in this place.
 D = Time resting spent in this place.
 E = Time spent auto-exploring this place.
 F = Levels seen in this place.
 G = Mean time per level.
                   A        B        C        D        E       F      G
               +--------+--------+--------+--------+--------+-----+--------+
         Total |  14850 |  14355 |    495 |    445 |  10939 |  19 |  781.6 |
       Dungeon |  10183 |   9834 |    349 |    445 |   7373 |  11 |  925.7 |
        Temple |    178 |    160 |     18 |      0 |    145 |   1 |  178.0 |
          Lair |   3872 |   3744 |    128 |      0 |   2999 |   5 |  774.4 |
         Sewer |    160 |    160 |      0 |      0 |     97 |   1 |  160.0 |
        Bailey |    455 |    455 |      0 |      0 |    324 |   1 |  455.0 |
               +--------+--------+--------+--------+--------+-----+--------+

Top non-repeatable levels by time:
     D:9: 1736 daAuts
     D:8: 1544 daAuts
     D:5: 1359 daAuts
  Lair:3: 1233 daAuts
  Lair:4: 896 daAuts
     D:4: 893 daAuts
  Lair:1: 878 daAuts
     D:1: 848 daAuts
     D:6: 809 daAuts
    D:10: 804 daAuts
     D:2: 798 daAuts
     D:3: 733 daAuts
  Lair:2: 680 daAuts
     D:7: 620 daAuts
  Bailey: 455 daAuts
